 Dungeon Crawl Stone Soup version 0.23-a0-386-g9c9d49f (webtiles) character file.

70 lul123 the Skirmisher (level 4, 0/35 HPs)
             Began as a Demonspawn Fighter on Oct 28, 2018.
             Slain by a wyvern (7 damage)
             ... on level 4 of the Dungeon.
             The game lasted 00:03:45 (2037 turns).

lul123 the Skirmisher (Demonspawn Fighter)          Turns: 2037, Time: 00:03:46

Health: 0/35       AC:  8    Str: 15 (18) XL:     4   Next: 3%
Magic:  4/4        EV:  6    Int:  8 (9)  God:
Gold:   147        SH:  8    Dex: 11 (12) Spells: 3/3 levels left

rFire    + . .     SeeInvis .   a - +0 long sword
rCold    + . .     Gourm    .   c - +0 shield
rNeg     . . .     Faith    .   b - +0 scale mail
rPois    +         Spirit   .   (no helmet)
rElec    +         Reflect  .   (no cloak)
rCorr    +         Harm     .   h - +0 pair of gloves
MR       .....                  (no boots)
Stlth    ..........             (no amulet)
HPRegen  0.11/turn              (no ring)
MPRegen  0.09/turn              (no ring)

@: lethally poisoned (0 -> -4), resistant, flying
A: claws 1
a: no special abilities


You were on level 4 of the Dungeon.
You were hungry.

You visited 1 branch of the dungeon, and saw 4 of its levels.

You collected 147 gold pieces.

Inventory:

Hand Weapons
 a - a +0 long sword (weapon)
Armour
 b - a +0 scale mail (worn)
 c - a +0 shield (worn)
 h - a +0 pair of gloves (worn)
Jewellery
 d - an uncursed ring of magical power {unknown}
Wands
 s - a wand of polymorph (12)
Scrolls
 e - 4 scrolls of identify {unknown}
 j - a scroll of enchant weapon {unknown}
 k - a scroll of remove curse {unknown}
 l - 3 scrolls of noise {unknown}
 m - 2 scrolls of magic mapping {unknown}
 r - a scroll of amnesia {unknown}
Potions
 g - a potion of might
 i - 2 potions of degeneration
 o - 2 potions of curing {unknown}
 q - a potion of lignification {unknown}
Comestibles
 f - 3 rations


   Skills:
 + Level 3.4 Fighting
 * Level 2.6 Long Blades
 + Level 3.2 Armour
 + Level 0.2 Dodging
 + Level 3.1 Shields


You had 3 spell levels left.
You didn't know any spells.
Your spell library contained the following spells:

 Spells                   Type           Power        Failure   Level  Hunger
 Corona                   Hex            #......      100%        1    ##.....
 Magic Dart               Conj           #...         100%        1    ##.....
 Blink                    Tloc           N/A          100%        2    ###....
 Call Imp                 Summ           #.......     100%        2    ###....
 Ensorcelled Hibernation  Hex/Ice        #.....       100%        2    ###....
 Slow                     Hex            #.......     100%        2    ###....
 Confuse                  Hex            #.......     100%        3    ####...
 Conjure Flame            Conj/Fire      #.......     100%        3    ####...
 Dazzling Spray           Conj/Hex       #.....       100%        3    ####...
 Mephitic Cloud           Conj/Pois/Air  #.......     100%        3    ####...
 Tukima's Dance           Hex            #.......     100%        3    ####...


Dungeon Overview and Level Annotations

Branches:
Dungeon (4/15)
 Temple: D:4-7

Altars:
Hepliaklqana
Uskayaw

Annotations:
D:2 Sigmund


Innate Abilities, Weirdness & Mutations

You have sharp fingernails.


Message History

You feel sick. The wyvern barely misses you.
You riposte.
You hit the wyvern.
The wyvern is lightly wounded.
The wyvern barely misses you.
You barely miss the wyvern.
The wyvern is lightly wounded.
You feel sick. The wyvern bites you! x2
* * * LOW HITPOINT WARNING * * *
You hit the wyvern.
The wyvern is moderately wounded.
The wyvern bites you but does no damage. x2
The wyvern bites you.
* * * LOW HITPOINT WARNING * * *
It was a potion of resistance.
You feel protected.
You feel sick.
The wyvern bites you but does no damage.
It was a potion of flight.
You feel very buoyant.
You fly up into the air.
The wyvern bites you!
You die...

......... #)$[# .......#
#.$.# ......# #...#
......+ #...# ......##
#...# . .......### #...#
#..
.........####...####...#
†...........##'##....#
#.......###...ll@.#
####'#### #...##### #
#.######.###### #
#............... #
#############.## # #


You could see a wyvern and a frilled lizard.

Vanquished Creatures
  2 adders
  An adder skeleton (D:4)
  A worm (D:3)
  3 dart slugs
  2 leopard geckos (D:1)
  4 orcs (D:4)
  3 bats
  2 giant cockroaches
  4 goblins
  A hobgoblin (D:2)
  4 frilled lizards
  6 kobolds
  4 rats
37 creatures vanquished.

Notes
Turn   | Place    | Note
-------+----------+-------------------------------------------
     0 | D:1      | lul123 the Demonspawn Fighter began the quest for the Orb.
     0 | D:1      | Reached XP level 1. HP: 18/18 MP: 1/1
   121 | D:1      | Gained mutation: You have sharp fingernails. [demonic
                  | ancestry]
   121 | D:1      | Reached XP level 2. HP: 24/24 MP: 2/2
   684 | D:2      | Reached XP level 3. HP: 29/29 MP: 3/3
   692 | D:2      | Found a hazy altar of Hepliaklqana.
   693 | D:2      | Found a hide-covered altar of Uskayaw.
   859 | D:2      | Noticed Sigmund
  1469 | D:3      | Noticed a bullfrog
  1984 | D:4      | Reached XP level 4. HP: 35/35 MP: 4/4
  2028 | D:4      | Noticed a wyvern
  2037 | D:4      | Slain by a wyvern

Vault maps used:
D:1:      eino_arrival_water_cross, minmay_misc_feat_iff
D:2:      lemuel_crystal_altar, vehumet_crystals,
          gammafunk_temple_overflow_pools, uniq_jessica, uniq_sigmund
D:3:      first_ration, minmay_misc_feat_room, lightli_corner_chamber
D:4:      hangedman_ru_absence, minmay_divided_ellipse

Skill      XL: |  1  2  3 |
---------------+----------+-----
Shields        | 3 |  3.1
Long Blades    | 2 |  2.6
Armour         | 3 |  3.2
Fighting       | |  3.4
Dodging        | |  0.2

Action                   |  1- 3 |  4- 6 || total
-------------------------+-------+-------++-------
Melee: Long sword        |   112 |     4 ||   116
  Use: Potion            |     2 |     2 ||     4
       Scroll            |     1 |       ||     1
  Eat: Chunk             |     3 |       ||     3
Armor: Scale mail        |    61 |     4 ||    65
Dodge: Dodged            |    42 |     3 ||    45
Block: Shield            |    75 |     1 ||    76
       Rpst.: Long sword |    13 |     1 ||    14

Table legend:
 A = Non-vault XP
 B = Vault XP
 C = Vault XP percentage of total XP
 D = Non-vault monster count
 E = Vault monster count
 F = Vault count percentage of total count
                 A         B        C        D         E       F
            +---------+---------+-------+---------+---------+-------
      Total |     100 |       0 |   0.0 |      37 |       0 |   0.0
            +---------+---------+-------+---------+---------+-------
        D:1 |      24 |       0 |   0.0 |      15 |       0 |   0.0
        D:2 |      23 |       0 |   0.0 |       6 |       0 |   0.0
        D:3 |      31 |       0 |   0.0 |       9 |       0 |   0.0
        D:4 |      22 |       0 |   0.0 |       7 |       0 |   0.0
            +---------+---------+-------+---------+---------+-------
